 Dungeon Crawl Stone Soup version 0.29-a0-43-g62a80824bf (webtiles) character file.

Game seed: 1973994330150408575

2561 horus123 the Basher (level 9, -5/103 HPs)
             Began as a Human Fighter on Feb 2, 2022.
             Was a Follower of Makhleb.
             Slain by an orc warrior (15 damage)
             ... on level 8 of the Dungeon.
             The game lasted 00:11:01 (8879 turns).

horus123 the Basher (Human Fighter)                 Turns: 8879, Time: 00:11:02

Health: -5/103     AC: 14    Str: 20    XL:     9   Next: 87%
Magic:  12/12      EV:  7    Int:  8    God:    Makhleb [*.....]
Gold:   139        SH:  7    Dex: 18    Spells: 8/8 levels left

rFire   . . .      SeeInvis +   p - +3 flail (venom)
rCold   . . .      Faith    .   e - +2 buckler of Spite {Will+ rCorr Dex+4 SInv}
rNeg    . . .      Spirit   .   o - +0 plate armour
rPois   .          Reflect  .   (no helmet)
rElec   .          Harm     .   (no cloak)
rCorr   +          Rampage  .   (no gloves)
Will    ++...                   i - +1 pair of boots
Stlth   ..........              (no amulet)
HPRegen 0.27/turn               s - ring of willpower
MPRegen 0.13/turn               (no ring)

@: berserking, very quick
A: no striking features
a: Renounce Religion


You were on level 8 of the Dungeon.
You worshipped Makhleb.
Makhleb was aware of your devotion.
You visited 2 branches of the dungeon, and saw 9 of its levels.

You collected 236 gold pieces.
You spent 97 gold pieces at shops.

Inventory:

Hand Weapons
 p - a +3 flail of venom (weapon)
Armour
 b - a +0 scale mail
 e - the +2 buckler of Spite (worn) {Will+ rCorr Dex+4 SInv}
   (You acquired it on level 1 of the Dungeon)

   Dex:       It affects your dexterity (+4).
   SInv:      It lets you see invisible.
   rCorr:     It protects you from acid and corrosion.
   Will:      It increases your willpower.
 i - a +1 pair of boots (worn)
 n - a +0 kite shield
 o - a +0 plate armour (worn)
Jewellery
 s - a ring of willpower (left hand)
 t - a ring of positive energy
Wands
 r - a wand of mindburst (6)
 u - a wand of iceblast (8)
Scrolls
 j - 3 scrolls of fog
 l - 2 scrolls of blinking
 q - a scroll of amnesia
 v - a scroll of teleportation
Potions
 a - 2 potions of curing
 d - a potion of invisibility
 f - a potion of flight
 g - a potion of mutation {unknown}
 h - 3 potions of lignification
 k - a potion of might
 m - 5 potions of attraction


   Skills:
 + Level 6.1 Fighting
 - Level 8.0 Maces & Flails
 - Level 5.1 Armour
 - Level 4.3 Dodging
 - Level 4.0 Shields
 - Level 5.2 Invocations


You had 8 spell levels left.
You didn't know any spells.
Your spell library contained the following spells:

 Spells                   Type           Power      Damage    Failure   Level
 Corpse Rot               Necr/Air       0%         N/A       100%        2
 Poisonous Vapours        Pois/Air       0%         N/A       100%        2


Dungeon Overview and Level Annotations

Branches:
Dungeon (8/15)             Temple (1/1) D:5
   Lair: D:8-11

Altars:
Dithmenos
Fedhas
Kikubaaqudgha
Makhleb
Nemelex Xobeh
Qazlal
Ru
Uskayaw
Wu Jian
Xom
Yredelemnul
Zin

Shops:
D:5 *   D:6 :

Annotations:
D:8 Grum


Message History

You sock the howler monkey zombie!
The howler monkey zombie is heavily damaged.
The orc barely misses you. The wolf barely misses you. You block Grum's attack.
The orc warrior barely misses you.
You thump the wolf!
The wolf looks as sick as possible!
The wolf is severely wounded.
The wolf bites you but does no damage. Grum closely misses you.
The wolf bites you. You block the orc's attack. The wolf closely misses you.
The orc warrior hits you with a +0 flail.
Grum hits you from afar with a -1 spear!
The wolf bites you. The orc hits you but does no damage.
You completely miss the wolf.
The wolf is severely wounded.
The wolf bites you but does no damage. You block Grum's attack.
You block the wolf's attack.
The orc warrior hits you with a +0 flail!
The wolf barely misses you. The orc hits you but does no damage.
You sock the wolf!
You kill the wolf!
Makhleb accepts your kill.
You feel better.
Grum hits you from afar with a -1 spear.
The wolf barely misses you. You block Grum's attack.
The orc warrior hits you with a +0 flail!
* * * LOW HITPOINT WARNING * * *
The wolf bites you but does no damage. The orc hits you but does no damage.
Your Fighting skill increases to level 6!
A red film seems to cover your vision as you go berserk!
You feel yourself moving faster!
You feel mighty! You block Grum's attack.
The wolf bites you but does no damage.
The orc warrior hits you but does no damage.
You block the howler monkey zombie's attack.
The orc hits you but does no damage.
Grum hits you from afar with a -1 spear!
* * * LOW HITPOINT WARNING * * *
You hit the howler monkey zombie.
The howler monkey zombie is heavily damaged.
You block the wolf's attack.
The orc warrior hits you with a +0 flail!
You die...

.>.........#..###
...........# ...#
...........# ...##
...........###...###
...................#
.......o...........#
......oh#..........#
#@Zg.........#
###$........(#
#.......<..#
#..........#
#..........#
#!.........#
#..........#
############


You could see Grum (fast), an orc warrior, a wolf (poisoned), an orc and a
howler monkey zombie.

Vanquished Creatures
  Prince Ribbit (D:7)
  A wraith (D:6)
  2 water moccasins
  An orc warrior (D:7)
  A sky beast (D:4)
  An ice beast (D:7)
  A black bear (D:4)
  An ogre (D:4)
  2 necrophages
  A wolf (D:8)
  A centaur (D:6)
  A bullfrog (D:7)
  2 wyvern zombies (D:7)
  5 scorpions
  A gnoll sergeant (D:7)
  A wyvern skeleton (D:5)
  A water moccasin skeleton (D:5)
  2 centaur zombies (D:7)
  A hound (D:5)
  2 jellies (D:5)
  3 orc priests (D:7)
  An iguana (D:6)
  An orc wizard (D:7)
  A killer bee zombie (D:6)
  2 hound skeletons (D:5)
  Robin (D:4)
  4 adders
  8 gnolls
  An adder zombie (D:5)
  An adder skeleton (D:4)
  A dart slug (D:1)
  9 orcs
  6 ball pythons
  3 endoplasms
  4 giant cockroaches
  15 goblins
  9 hobgoblins
  7 jackals
  7 kobolds
  A quokka (D:4)
  4 bats
  A frilled lizard (D:1)
  3 rats
122 creatures vanquished.

Notes
Turn   | Place    | Note
-------+----------+-------------------------------------------
     0 | D:1      | horus123 the Human Fighter began the quest for the Orb.
     0 | D:1      | Reached XP level 1. HP: 18/18 MP: 1/1
   134 | D:1      | Reached XP level 2. HP: 21/24 MP: 2/2
   248 | D:1      | Identified a scroll of acquirement
   248 | D:1      | Acquired the +2 buckler of Spite {Will+ rCorr Dex+4 SInv}
   670 | D:1      | Reached XP level 3. HP: 23/30 MP: 3/3
  1409 | D:2      | Reached XP level 4. HP: 32/37 MP: 4/4
  2446 | D:3      | Reached skill level 1 in Dodging
  2825 | D:4      | Noticed a black bear
  2834 | D:4      | Killed a black bear
  2835 | D:4      | Reached XP level 5. HP: 32/42 MP: 5/5
  3072 | D:4      | Noticed an ogre
  3090 | D:4      | Killed an ogre
  3091 | D:4      | Reached XP level 6. HP: 19/48 MP: 6/6
  3362 | D:4      | Noticed Robin
  3415 | D:4      | Killed Robin
  3810 | D:4      | Reached skill level 3 in Maces & Flails
  3945 | D:5      | Entered Level 5 of the Dungeon
  3945 | D:5      | Noticed a sky beast
  3945 | D:5      | Found a staircase to the Ecumenical Temple.
  3960 | D:4      | Reached XP level 7. HP: 27/54 MP: 7/7
  4214 | Temple   | Entered the Ecumenical Temple
  4386 | Temple   | Became a worshipper of Makhleb the Destroyer
  4530 | D:5      | Reached skill level 5 in Armour
  4617 | D:5      | Reached skill level 1 in Invocations
  4689 | D:5      | Reached XP level 8. HP: 39/60 MP: 8/10
  5292 | D:5      | Found Forukism's General Store.
  5300 | D:5      | Bought a scroll of enchant armour for 97 gold pieces
  5324 | D:5      | Found an ornate altar of the Wu Jian Council.
  5477 | D:6      | Found Wunyef's Book Shoppe.
  5526 | D:6      | Reached skill level 5 in Invocations
  5897 | D:6      | Reached skill level 4 in Maces & Flails
  6279 | D:6      | Noticed a wraith
  6288 | D:6      | Killed a wraith
  6420 | D:6      | Reached skill level 5 in Maces & Flails
  7109 | D:7      | Reached XP level 9. HP: 27/65 MP: 12/12
  7189 | D:7      | Reached skill level 6 in Maces & Flails
  7593 | D:7      | Noticed Prince Ribbit
  7617 | D:7      | Reached skill level 7 in Maces & Flails
  7636 | D:7      | Killed Prince Ribbit
  7815 | D:7      | Reached skill level 8 in Maces & Flails
  8065 | D:7      | Reached * piety under Makhleb
  8312 | D:7      | Reached skill level 5 in Fighting
  8861 | D:8      | Noticed Grum
  8879 | D:8      | Slain by an orc warrior

Illustrated notes

Levels and vault maps discovered:
D:1:      zaba_arrival_water, layout_basic
D:2:      layout_basic
D:3:      layout_basic
D:4:      layout_loops_ring, minmay_misc_feat_cross, uniq_robin
D:5:      layout_cave_pods, pdpol_wu_jian_five_deadly_venoms,
          minmay_temple_entry_statues_fountains, serial_shops, shop_fountains,
          serial_bayou_pond_d, st_stairs_13
D:6:      layout_layer_cave, serial_shops, nicolae_shop_trees
D:7:      layout_basic, roderic_roman_lattice, dk_noncrumbling_2,
          uniq_prince_ribbit1
D:8:      layout_rooms, hangedman_abyss_or_decor_stabs, uniq_harold, uniq_grum,
          uniq_maurice
Temple:   mainiacjoe_temple_cubbyholes

Skill      XL: |  1  2  3  4  5  6  7  8  9 |
---------------+----------------------------+-----
Fighting       | 4 6 |  6.1
Shields        | 4 |  4.0
Dodging        | 3 4 |  4.3
Maces & Flails | 3 5 8 |  8.0
Armour         | 5 |  5.1
Invocations    | 3 5 |  5.2

Action                   |  1- 3 |  4- 6 |  7- 9 || total
-------------------------+-------+-------+-------++-------
Melee: Flail             |    76 |   141 |   308 ||   525
  Use: Scroll            |     5 |     4 |     8 ||    17
       Potion            |       |       |     8 ||     8
Armor: Scale mail        |    33 |    19 |       ||    52
       Plate armour      |       |    64 |   212 ||   276
Dodge: Dodged            |    33 |    45 |   105 ||   183
Block: Buckler           |    29 |    60 |   127 ||   216

Table legend: (Time is in decaauts)
 A = Elapsed time spent in this place.
 B = Non-inter-level travel time spent in this place.
 C = Inter-level travel time spent in this place.
 D = Time resting spent in this place.
 E = Time spent auto-exploring this place.
 F = Levels seen in this place.
 G = Mean time per level.
                   A        B        C        D        E       F      G
               +--------+--------+--------+--------+--------+-----+--------+
         Total |   9031 |   8751 |    280 |   1582 |   5951 |   9 | 1003.4 |
       Dungeon |   8769 |   8578 |    191 |   1582 |   5790 |   8 | 1096.1 |
        Temple |    261 |    172 |     89 |      0 |    161 |   1 |  261.0 |
               +--------+--------+--------+--------+--------+-----+--------+

Top non-repeatable levels by time:
     D:7: 1877 daAuts
     D:6: 1574 daAuts
     D:4: 1479 daAuts
     D:5: 1036 daAuts
     D:2: 1009 daAuts
     D:1: 943 daAuts
     D:3: 829 daAuts
  Temple: 261 daAuts
     D:8: 19 daAuts
